4v4 loss

Match 21823761
End
Panzergrenadier Squad
Selects Italian Infantry
Panzerpioneer Squad
Panzergrenadier Squad
Construct Light Support Kompanie
2.5-tonne Medical Truck
MG34 Team
Fire Support Elements
le.IG 18 Support Gun Team
Construct Mechanized Kompanie
Selects Guastatori Squad
Selects L6/40 Light Tank Combat Group
L6/40 Light Tank Combat Group
Marder III Tank Destroyer
Vehicle Survival Package
Guastatori Squad
Construct Panzerarmee Kommand
Selects Defensive Operations
Selects Territory Booby Traps
Walking Stuka Rocket Launcher
Tungsten Core Ammunition
Armored Reserves
Selects Obice 305mm Barrage
Obice 305mm Barrage
Tiger Heavy Tank
Obice 305mm Barrage
Emergency Repair Kits
Tiger Heavy Tank
Obice 305mm Barrage
Panzergrenadier Squad
Obice 305mm Barrage
Panzergrenadier Squad
Panzer IV Assault Group
Advanced Optics
Walking Stuka Rocket Launcher
Obice 305mm Barrage
Selects Towed Cannone da 105/28 Field Howitzer
General Eisenpimmel
Josef MelonZ0r
Gypsy Danger
UnbrekaBull
Da sucka hunter
BearTorpedo
Skylight
okinawa
0
0

Comments sign in to comment!

No comments posted yet!